AoeStats
← Bill Nye Your Mum's A Guy

Highland

505196522Analyzed
2v2 RM · 25d ago on Sep 8, 2026· 51m 55s· 4 players
Game mode
Random Map
Map size
Medium (4 player)
Population
200
Speed
Normal
Resources
Standard
Victory
Conquest
Starting age
Dark Age
Ending age
Imperial Age
RankedLock teamsTeams togetherTeam positionsShared explorationLock speedFull tech treeHidden civsTurbo modeCheats
Victory
Defeat
🇳🇿 Poles · New Zealand
1036
+13
🇳🇿 Spanish · New Zealand
999
+15
🇪🇸 Inca · Spain
988
-15
🇦🇺 Malians · Australia
954
-13
atobar1990
3:11 Loom
12:07 Feudal Age
18:26 Castle Age
18:11 Fishing Lines
33:48 Imperial Age
35:04 Wheelbarrow
34:14 Town Watch
34:21 Horse Collar
34:27 Double-Bit Axe
34:33 Gold Mining
34:34 Stone Mining
38:35 Pikeman
40:50 Andean Sling
40:30 Halberdier
48:36 Onager
Clarkey912
6:10 Loom
11:12 Feudal Age
20:37 Castle Age
27:07 Crossbowman
29:19 Ballistics
34:33 Imperial Age
33:27 Man-at-Arms
35:13 Fletching
35:25 Padded Archer Armor
35:27 Scale Mail Armor
35:38 Forging
35:32 Long Swordsman
36:13 Squires
36:00 Arson
38:03 Conscription
38:20 Hoardings
39:16 Wheelbarrow
38:27 Town Watch
39:27 Bodkin Arrow
39:47 Leather Archer Armor
39:33 Two-Handed Swordsman
40:26 Arbalester
41:12 Thumb Ring
41:19 Champion
43:18 Chain Mail Armor
43:39 Iron Casting
43:35 Ring Archer Armor
44:14 Chemistry
43:25 Masonry
Bill Nye Your Mum's A Guy
4:39 Loom
13:55 Feudal Age
18:50 Castle Age
17:06 Fletching
18:19 Padded Archer Armor
18:40 Double-Bit Axe
22:00 Bodkin Arrow
22:29 Horse Collar
31:11 Thumb Ring
33:23 Man-at-Arms
37:34 Stone Mining
40:29 Leather Archer Armor
41:21 Wheelbarrow
41:05 Heavy Plow
41:19 Bow Saw
43:14 Long Swordsman
50:12 Caravan
Owl Lomesto
10:13 Feudal Age
8:30 Loom
22:04 Castle Age
20:22 Double-Bit Axe
21:23 Forging
22:37 Scale Barding Armor
22:21 Light Cavalry
23:45 Bloodlines
23:45 Horse Collar
26:04 Chain Barding Armor
28:39 Heavy Plow
31:55 Wheelbarrow
31:44 Bow Saw
34:26 Iron Casting
39:42 Imperial Age
37:16 Husbandry
37:23 Fletching
37:37 Scale Mail Armor
39:19 Hand Cart
40:59 Lechitic Legacy
41:19 Lechitic Legacy
41:16 Winged Hussar
44:37 Conscription
47:32 Blast Furnace
50:10 Chain Mail Armor
50:59 Spies/Treason
Connection lost

Rejoining the realm…

Still unreachable

The connection could not be restored.

Session expired

The server has moved on; the page needs a fresh start.